 Seeded DCSS version 0.31-a0-1300-gb6740aa4e6 (webtiles) character file.

Game seed: 20231218 (custom seed)

46 greenreed the Conjurer (level 3, -4/31 HPs)
             Began as an Ogre Conjurer on Dec 18, 2023.
             Was an Initiate of Hepliaklqana.
             Slain by a gnoll
             ... wielding a +0 halberd
              (8 damage)
             ... on level 1 of the Dungeon.
             The game lasted 00:03:08 (1639 turns).

greenreed the Conjurer (Ogre Conjurer)              Turns: 1639, Time: 00:03:09

Health: -4/31      AC:  3    Str: 11    XL:     3   Next: 68%
Magic:  1/7        EV:  9    Int: 21    God:    Hepliaklqana [......]
Gold:   80         SH:  0    Dex:  7    Spells: 5/8 levels left

rFire   . . .        k - +0 sling
rCold   . . .        (no shield)
rNeg    . . .        a - +0 robe
rPois   +            (helmet restricted)
rElec   .            (no cloak)
rCorr   .            (gloves unavailable)
SInv    .            (boots unavailable)
Will    .....        (no amulet)
Stlth   +            f - ring of poison resistance
HPRegen 0.25/turn    (no ring)
MPRegen 0.10/turn

%: no passive effects
@: no status effects
A: large, unfitting armour, tough skin 1
a: Renounce Religion


You were on level 1 of the Dungeon.
You worshipped Hepliaklqana.
Hepliaklqana was noncommittal.
You visited 1 branch of the dungeon, and saw 2 of its levels.

You collected 80 gold pieces.

Inventory:

Hand Weapons
 k - a +0 sling (weapon)
Armour
 a - a +0 robe (worn)
Jewellery
 f - a ring of poison resistance (left hand)
Scrolls
 c - 2 scrolls of identify {unknown}
 g - a scroll of teleportation {unknown}
 i - a scroll of noise {unknown}
Potions
 b - a potion of magic
 d - a potion of berserk rage {unknown}
 e - 4 potions of curing {unknown}
 h - a potion of mutation {unknown}
 j - 2 potions of heal wounds {unknown}


   Skills:
 + Level 2.2 Dodging
 - Level 1.4 Stealth
 * Level 3.3 Spellcasting
 * Level 4.1 Conjurations


You had 5 spell levels left.
You knew the following spells:

 Your Spells              Type           Power      Damage    Failure   Level
a - Magic Dart            Conj           80%        1d7       2%          1
b - Searing Ray           Conj           40%        2d5       3%          2

Your spell library contained the following spells:

 Spells                   Type           Power      Damage    Failure   Level
 Dazzling Flash           Conj/Hex       24%        N/A       17%         3
 Fulminant Prism          Conj/Hex       6%         3d7       50%         4
 Iskenderun's Mystic Bla  Conj/Tloc      12%        2d5       50%         4


Dungeon Overview and Level Annotations

Branches:
Dungeon (2/15)

Altars:
Hepliaklqana


Innate Abilities, Weirdness & Mutations

You are too large for most types of armour.
You have tough skin. (AC +1)


Message History

The searing ray hits the frilled lizard.
You kill the frilled lizard! (Press . to maintain the ray.)
The goblin closely misses you.
The searing ray hits the goblin.
The goblin is severely wounded.
The searing ray hits the gnoll!
You kill the gnoll!
The searing ray hits the gnoll.
The gnoll is moderately wounded.
The goblin hits you from afar with a +0 spear.
The searing ray misses the goblin.
The searing ray misses the gnoll.
The goblin barely misses you.
The searing ray misses the goblin.
The searing ray hits the gnoll.
The gnoll is heavily wounded.
The searing ray hits the gnoll but does no damage.
You finish channelling your searing ray.
The goblin hits you but does no damage.
Casting: Searing Ray (safe; 3% risk of failure)
Confirm with . or Enter, or press ? or * to list all spells.
Aiming: Searing Ray (safe; 3% risk of failure)
Press: ? - help, Shift-Dir - straight line, f/p - goblin
Aim: a goblin, wielding a +0 spear (severely wounded, 72% to hit)
The searing ray hits the goblin!
You kill the goblin!
The searing ray hits the gnoll.
The gnoll is almost dead. (Press . to maintain the ray.) Without enough magic to sustain it, your searing ray dissipates.
The gnoll closely misses you. The gnoll hits you with a +0 halberd!
There is a stone staircase leading up, spattered with blood here.
The gnoll hits you with a +0 club. The gnoll barely misses you.
You climb upwards.
There is a stone staircase leading down here.
The gnoll attacks as it pursues you! The gnoll barely misses you.
The gnoll hits you from afar with a +0 halberd!
* * * LOW HITPOINT WARNING * * *
The gnoll attacks as it pursues you!
The gnoll hits you from afar with a +0 halberd!
You die...

#######.## #.# #.# #)#.##
#.##.##..# #.# #.## #.#...
#.###.#..# #.# #..# #.####
#.# ##.#.# ##.####.######.#
#.####.#.#####..............#
#....(.........>####.#####..#
######.#.######g# #.# #..#
#.#.# #g# #.# #..#### #.#.#
#@# #.# #...... #.#.#
#.####.######.#### #.#.#
####.............#
#.#.###.........########
#######.......#########
..........##### ###########


You could see 2 gnolls.

Vanquished Creatures
  2 gnolls (D:2)
  A worm (D:2)
  2 bats (D:1)
  4 hobgoblins (D:1)
  2 quokkas (D:1)
  2 ball pythons (D:1)
  4 frilled lizards
  4 goblins
  3 kobolds (D:1)
  4 rats (D:1)
28 creatures vanquished.

Notes
Turn   | Place    | Note
-------+----------+-------------------------------------------
     0 | D:1      | greenreed the Ogre Conjurer began the quest for the Orb.
     0 | D:1      | Reached XP level 1. HP: 16/16 MP: 3/3
   188 | D:1      | Reached XP level 2. HP: 24/24 MP: 3/5
   589 | D:1      | Found a faded altar of an unknown god.
  1269 | D:2      | Found a hazy altar of Hepliaklqana.
  1325 | D:2      | Became a worshipper of Hepliaklqana the Forgotten
  1449 | D:1      | Learned a level 2 spell: Searing Ray
  1483 | D:2      | Reached XP level 3. HP: 25/31 MP: 1/7
  1560 | D:2      | Reached skill level 4 in Conjurations
  1639 | D:1      | Slain by a gnoll

Illustrated notes

Levels and vault maps discovered:
D:1:      reono_arrival_mine, layout_loops_ring,
          hellmonk_ecumenical_altar_lost_god
D:2:      cheibrodos_helix_gallery, layout_loops_ring, basic_altar,
          supply_closet_lemuel, uniq_jessica

Skill      XL: |  1  2  3 |
---------------+----------+-----
Dodging        | 2 |  2.2
Spellcasting   | 3 |  3.3
Conjurations   | 4 |  4.1
Stealth        | |  1.4

Action                     || total
---------------------------++-------
  Melee: Unarmed           ||     9
   Fire: Sling             ||    14
   Cast: Magic Dart        ||    55
         Searing Ray       ||     4
 Armour: Robe              ||    21
  Dodge: Dodged            ||    16

Table legend: (Time is in decaauts)
 A = Elapsed time spent in this place.
 B = Non-inter-level travel time spent in this place.
 C = Inter-level travel time spent in this place.
 D = Time resting spent in this place.
 E = Time spent auto-exploring this place.
 F = Levels seen in this place.
 G = Mean time per level.
                   A        B        C        D        E       F      G
               +--------+--------+--------+--------+--------+-----+--------+
         Total |   1645 |   1609 |     36 |    120 |   1220 |   2 |  822.5 |
       Dungeon |   1645 |   1609 |     36 |    120 |   1220 |   2 |  822.5 |
               +--------+--------+--------+--------+--------+-----+--------+

Top non-repeatable levels by time:
     D:1: 1355 daAuts
     D:2: 290 daAuts
